 Dungeon Crawl Stone Soup version 0.28.0-53-g5a82cb258f (webtiles) character file.

Game seed: 6582158087516810653

157616 Peloso the Fencer (level 17, -4/153 (163) HPs)
             Began as a Minotaur Fighter on June 11, 2022.
             Was the Champion of Okawaru.
             Killed from afar by a deep elf death mage (25 damage)
             ... with a bolt of negative energy
             ... on level 3 of the Elven Halls.
             The game lasted 01:21:46 (33769 turns).

Peloso the Fencer (Minotaur Fighter)               Turns: 33769, Time: 01:21:47

HP:   -4/153 (163)  AC: 31    Str: 32    XL:     17   Next: 12%
MP:   17/17         EV:  8    Int:  7    God:    Okawaru [******]
Gold: 966           SH: 14    Dex: 13    Spells: 16/16 levels left

rFire   + + .      SeeInvis .   c - +7 Singing Sword {vorpal, sonic wave}
rCold   + + .      Faith    .   f - +0 kite shield {reflect}
rNeg    . . .      Spirit   .   x - +3 gold dragon scales
rPois   +          Reflect  +   P - +0 hat "Woxzad" {Regen+}
rElec   .          Harm     .   V - scarf {rC+ rF+}
rCorr   .          Rampage  +   S - +0 pair of gloves
Will    +....                   o - +2 pair of boots {rampage}
Stlth   ..........              Z - amulet of regeneration
HPRegen 0.00/turn               (no ring)
MPRegen 0.15/turn               s - ring of Xonam {Str+6 Int+2 Slay+3}

@: sick, drained, unable to read
A: horns 2, retaliatory headbutt, [inability to read while threatened]
a: Renounce Religion, Heroism, Finesse, Duel


You were on level 3 of the Elven Halls.
You worshipped Okawaru.
Okawaru was exalted by your worship.
You visited 5 branches of the dungeon, and saw 27 of its levels.
You visited the Abyss 2 times.
You also visited: Sewer.

You collected 2590 gold pieces.
You spent 1624 gold pieces at shops.

Inventory:

Hand Weapons
 a - a +1 double sword of holy wrath
 b - a +4 scimitar of flaming
 c - the +7 Singing Sword (weapon) {vorpal, sonic wave}
   (You took it off a centaur warrior on level 10 of the Dungeon)

   It inflicts extra damage upon your enemies.
   It radiates damaging sonic waves as it strikes, especially in combat
   involving dangerous or numerous foes.
Armour
 f - a +0 kite shield of reflection (worn)
 h - the +15 Maxwell's patent armour {-Cast -Tele rElec Will+ rCorr}
   (Okawaru gifted it to you on level 10 of the Dungeon)

   rElec:     It insulates you from electricity.
   -Cast:     It prevents spellcasting.
   -Tele:     It prevents most forms of teleportation.
   rCorr:     It protects you from acid and corrosion.
   Will:      It increases your willpower.
 n - the +3 plate armour of Bad Feelings {rPois Dex+3}
   (You took it off an orc knight on level 1 of the Orcish Mines)

   Dex:       It affects your dexterity (+3).
   rPois:     It protects you from poison.
 o - a +2 pair of boots of rampaging (worn)
 x - +3 gold dragon scales (worn)
 A - the +0 cloak "Yfaituco" {Harm rElec rCorr Dex-2}
   (You found it on level 15 of the Dungeon)

   Dex:       It affects your dexterity (-2).
   rElec:     It insulates you from electricity.
   rCorr:     It protects you from acid and corrosion.
   Harm:      It increases damage dealt and taken.
 L - a +2 hat of willpower
 P - the +0 hat "Woxzad" (worn) {Regen+}
   (Okawaru gifted it to you on level 12 of the Dungeon)

   Regen:     It increases your rate of health regeneration.
 S - a +0 pair of gloves (worn)
 V - a scarf of resistance (worn)
Jewellery
 l - a +4 ring of evasion
 s - the ring of Xonam (right hand) {Str+6 Int+2 Slay+3}
   (You bought it in a shop on level 2 of the Orcish Mines)

   [ring of strength]

   Str:       It affects your strength (+6).
   Int:       It affects your intelligence (+2).
   Slay:      It affects your accuracy & damage with ranged weapons and melee
   (+3).
 t - a ring of see invisible
 U - a +4 ring of protection
 Z - an amulet of regeneration (around neck)
Wands
 g - a wand of iceblast (20)
 v - a wand of flame (12)
 y - a wand of acid (2)
 W - a wand of digging (2)
Scrolls
 d - 2 scrolls of fear
 e - 6 scrolls of immolation
 j - a scroll of enchant armour
 k - 3 scrolls of blinking
 m - 5 scrolls of noise
 p - a scroll of enchant weapon
 r - 6 scrolls of teleportation
 w - a scroll of amnesia
 E - 3 scrolls of magic mapping
 G - a scroll of acquirement {unknown}
 H - a scroll of brand weapon
Potions
 i - 2 potions of magic
 q - 7 potions of curing
 u - 4 potions of haste
 z - 4 potions of heal wounds
 B - 3 potions of resistance
 D - 3 potions of might
 F - 4 potions of flight
 K - 2 potions of invisibility
 Q - 4 potions of brilliance
 R - 2 potions of berserk rage
Miscellaneous
 C - a condenser vane


   Skills:
 + Level 17.7 Fighting
 + Level 0.4(11.9) Short Blades
 + Level 19.6 Long Blades
 + Level 19.0 Armour
 + Level 3.9 Dodging
 + Level 3.3 Stealth
 + Level 18.2 Shields
 + Level 2.1 Invocations
 + Level 0.8 Evocations


You had 16 spell levels left.
You didn't know any spells.
Your spell library contained the following spells:

 Spells                   Type           Power      Damage    Failure   Level
 Beastly Appendage        Tmut           0%         N/A       100%        1
 Foxfire                  Conj/Fire      0%         2x1d4     100%        1
 Pain                     Necr           0%         1d4       100%        1
 Sting                    Tmut/Pois      0%         1d3       100%        1
 Blink                    Tloc           0%         N/A       100%        2
 Ensorcelled Hibernation  Hex/Ice        0%         N/A       100%        2
 Passwall                 Tmut/Erth      0%         N/A       100%        2
 Poisonous Vapours        Pois/Air       0%         N/A       100%        2
 Static Discharge         Conj/Air       0%         N/A       100%        2
 Sublimation of Blood     Necr           0%         N/A       100%        2
 Wereblood                Tmut           0%         N/A       100%        2
 Confusing Touch          Hex            0%         N/A       100%        3
 Conjure Flame            Conj/Fire      0%         6-21      100%        3
 Inner Flame              Hex/Fire       0%         N/A       100%        3
 Ozocubu's Armour         Ice            0%         N/A       100%        3
 Spider Form              Tmut/Pois      0%         N/A       100%        3
 Stone Arrow              Conj/Erth      0%         3d7       100%        3
 Swiftness                Air            0%         N/A       100%        3
 Vampiric Draining        Necr           0%         2d6       100%        3
 Dispel Undead            Necr           0%         3d6       100%        4
 Flame Wave               Conj/Fire      0%         2d4       100%        4
 Olgreb's Toxic Radiance  Pois           0%         N/A       100%        4
 Passage of Golubria      Tloc           0%         N/A       100%        4
 Sticky Flame             Conj/Fire      0%         2d3       100%        4
 Alistair's Intoxication  Tmut/Pois      0%         N/A       100%        5
 Borgnjor's Vile Clutch   Necr/Erth      0%         N/A       100%        5
 Manifold Assault         Tloc           0%         N/A       100%        5
 Yara's Violent Unravell  Hex/Tmut       0%         3d3       100%        5
 Eringya's Noxious Bog    Tmut/Pois      0%         N/A       100%        6
 Enfeeble                 Hex            0%         N/A       100%        7
 Orb of Destruction       Conj           0%         9d5       100%        7
 Ozocubu's Refrigeration  Ice            0%         4d5       100%        7
 Storm Form               Tmut/Air       0%         N/A       100%        7
 Lehudib's Crystal Spear  Conj/Erth      0%         10d2      100%        8
 Animate Skeleton         Necr           Unusable   N/A       N/A         1
 Summon Guardian Golem    Hex/Summ       Unusable   N/A       N/A         3
 Tukima's Dance           Hex            Unusable   N/A       N/A         3
 Animate Armour           Summ/Erth      Unusable   N/A       N/A         4
 Spellforged Servitor     Conj/Summ      Unusable   N/A       N/A         7
 Summon Hydra             Summ           Unusable   N/A       N/A         7

Dungeon Overview and Level Annotations

Branches:
Dungeon (15/15)            Temple (1/1) D:6            Lair (6/6) D:9
  Swamp (0/4) Lair:4        Snake (0/4) Lair:4        Slime (0/5) Lair:6
    Orc (2/2) D:10            Elf (3/3) Orc:2        Vaults (0/5) D:13
 Depths (0/4) D:15          Sewer (visited)

Altars:
Ashenzari
Cheibriados
Dithmenos
Gozag
Hepliaklqana
Kikubaaqudgha
Nemelex Xobeh
Okawaru
Uskayaw
Vehumet
Wu Jian
Xom
The Shining One
Beogh
Jiyva

Shops:
D:10 (   Orc:2 (=[[

Portals:
Trove: D:12 (give 5 scrolls of blinking)

Annotations:
Lair:6 Casa -
Elf:2 3 runed translucent doors


Innate Abilities, Weirdness & Mutations

You have a pair of horns on your head.
You reflexively headbutt those who attack you in melee.
[You sometimes lose the ability to read scrolls when taking damage.]


Message History

The deep elf demonologist is severely wounded.
You block the deep elf demonologist's attack.
The deep elf pyromancer gestures wildly while chanting.
The deep elf pyromancer blinks!
The Tzitzimitl gestures at you. The bolt of negative energy hits you!!
You feel drained.
You feel threatened and lose the ability to read scrolls!
You completely miss the deep elf demonologist.
The deep elf demonologist is severely wounded.
You block the hell beast's attack. x2
The deep elf demonologist mumbles some strange words.
Unknown command.
You barely miss the deep elf demonologist.
The deep elf demonologist is severely wounded.
The Tzitzimitl calls on the powers of darkness!
The deep elf demonologist convulses!
Your body is wracked with pain!
* * * LOW HITPOINT WARNING * * *
The hell beast bites you!
* * * LOW HITPOINT WARNING * * *
The hell beast tramples you but does no damage.
Unknown command.
You slice the deep elf demonologist!!
You kill the deep elf demonologist!
Okawaru accepts your kill.
The Tzitzimitl disappears in a puff of smoke!
The hell beast disappears in a puff of smoke!
The Hell Sentinel disappears in a puff of smoke!
The deep elf pyromancer gestures wildly while chanting.
The deep elf pyromancer blinks!
You can read scrolls again.
You see here a +0 short sword.
There is an open door, spattered with blood here.
You see here a +0 long sword.
A deep elf death mage comes into view. It is wielding a +0 dagger.
The deep elf death mage shouts!
The deep elf death mage beckons forth a restless soul!
The deep elf death mage casts a spell at you.
The bolt of negative energy hits you!!
You feel drained.
You feel threatened and lose the ability to read scrolls!
You die...

#...........# #...........#
###.......### ##..)..## ###.###
#.#
#############e###################
#................................
#.......e.......@.......<.)......
#..##############################
#..#..............
#..)....).........
#..#)(####'#######
#..#..#....)......
#..#..#.....e.....
#..#..#..........§
#..#..#...§.......


You could see a deep elf death mage.

Vanquished Creatures
  A bone dragon (Abyss:2)
  Jorgrun (D:15)
  Rupert (Lair:4)
  3 deep elf blademasters (Elf:3)
  2 deep elf master archers (Elf:3)
  An acid blob (Lair:6)
  Gastronok (D:11)
  5 tentacled starspawn
  3 deep elf sorcerers
  2 deep elf elementalists (Elf:3)
  5 deep elf annihilators (Elf:3)
  2 deep elf demonologists (Elf:3)
  A fire dragon (D:15)
  Snorg (D:11)
  The ghost of NoAnimeNoLife the Hand of Fortune, a journeyman DsFi of Nemelex Xobeh (Orc:1)
  2 deep elf death magi (Elf:3)
  4 vault guards (D:12)
  4 deep elf high priests
  3 boulder beetles
  A rakshasa (Abyss:2)
  2 catoblepae
  6 hydras
  3 two-headed ogres
  6 centaur warriors
  4 tengu warriors
  3 death yaks (Lair:6)
  A deep troll shaman (Lair:6)
  3 hell hogs (Abyss:3)
  13 dancing weapons
  A shock serpent (shapeshifter) (Elf:3)
  2 orc high priests
  The ghost of LoneCookie the Cleaver, a novice MiBe of Trog (D:10)
  14 deep elf knights
  2 wretched stars
  2 sixfirhies
  A deep troll (D:15)
  A spatial maelstrom (Abyss:2)
  An orange crystal statue (Elf:2)
  A lindwurm (shapeshifter) (D:15)
  13 deep elf archers
  4 wizards (D:13)
  21 deep elf zephyrmancers
  A necromancer (D:15)
  6 orc knights
  17 ugly things
  36 deep elf pyromancers
  9 orc sorcerers
  4 manticores
  5 cyclopes
  17 elephants
  A black mamba (Lair:5)
  14 cane toads
  A guardian serpent (shapeshifter) (Abyss:3)
  A torpor snail (Lair:4)
  Maggie (D:7)
  An efreet (D:12)
  An unseen horror (shapeshifter) (Elf:1)
  A kobold demonologist (Abyss:3)
  3 unseen horrors
  Psyche (D:9)
  11 rime drakes
  A freezing wraith (D:14)
  2 tengu conjurers
  8 komodo dragons
  4 trolls
  5 ancient zymes
  3 meliai (D:15)
  3 polar bears
  5 raiju
  The ghost of jaiteiro the Conjurer, an amateur GnCj (D:3)
  14 dream sheep
  8 slime creatures
  4 air elementals
  Sigmund (D:3)
  A centaur simulacrum (D:14)
  A culicivora (shapeshifter) (D:11)
  A shadow (D:11)
  A vampire (Abyss:2)
  4 small abominations
  42 yaks
  4 water elementals
  8 fire elementals
  4 basilisks
  A human (shapeshifter) (D:15)
  4 wyverns
  The ghost of goozler the Slasher, an amateur PaWr (D:4)
  A steam dragon (D:10)
  A chaos spawn (Abyss:3)
  5 wargs
  2 vampire mosquitoes (D:13)
  Menkaure (D:5)
  A naga (Lair:4)
  An acid dragon (shapeshifter) (Elf:2)
  2 spatial vortices (Abyss:2)
  10 water moccasins
  A sky beast (D:8)
  An ice beast (D:6)
  A sky beast (shapeshifter) (Abyss:2)
  3 black bears
  31 orc warriors
  A hornet zombie (D:8)
  7 wolves
  2 necrophages
  6 ogres
  A centaur (shapeshifter) (D:8)
  7 centaurs
  A phantom (D:5)
  A kobold brigand (D:6)
  12 bullfrogs
  3 scorpions
  4 gnoll sergeants
  4 earth elementals
  8 killer bees
  8 wights
  9 howler monkeys
  A jelly (D:5)
  4 centaur zombies
  A hound (D:3)
  A gnoll shaman (D:6)
  A bullfrog skeleton (D:6)
  A centaur skeleton (D:7)
  An iron imp (Abyss:2)
  25 orc priests
  Jessica (D:3)
  4 hell rats (Lair:2)
  41 orc wizards
  A hound skeleton (D:4)
  28 gnolls
  14 adders
  A howler monkey skeleton (D:6)
  2 shadow imps
  5 white imps
  2 ufetubi (D:5)
  An adder skeleton (D:4)
  A worm (D:3)
  The ghost of Ichoitic the Sneak, a weakling FoDe (D:15)
  2 dart slugs
  88 orcs
  5 endoplasms
  5 giant cockroaches
  7 goblins
  6 hobgoblins
  4 jackals (D:2)
  10 kobolds
  3 quokkas
  6 ball pythons
  7 bats
  13 frilled lizards
  6 rats
  3 bushes (Lair:6)
  3 starspawn tentacles
851 creatures vanquished.

Vanquished Creatures (others)
  Nessos (Lair:5)
  A deep elf knight (Elf:2)
  2 wizards (D:13)
  An unseen horror (D:13)
  32 fungi
  51 plants
  10 starspawn tentacles
98 creatures vanquished.

Grand Total: 949 creatures vanquished

Notes
Turn   | Place    | Note
-------+----------+-------------------------------------------
     0 | D:1      | Peloso the Minotaur Fighter began the quest for the Orb.
     0 | D:1      | Reached XP level 1. HP: 19/19 MP: 0/0
   373 | D:1      | Reached XP level 2. HP: 27/27 MP: 1/1
   519 | D:1      | Found a faded altar of an unknown god.
   648 | D:1      | Reached XP level 3. HP: 33/33 MP: 2/2
  1740 | D:3      | Reached XP level 4. HP: 39/40 MP: 3/3
  1800 | D:3      | Reached skill level 1 in Dodging
  2051 | D:3      | Reached XP level 5. HP: 43/46 MP: 4/4
  2125 | D:3      | Found a runed translucent door.
  2216 | D:3      | Noticed jaiteiro's ghost (amateur GnCj)
  2279 | D:3      | Noticed Jessica
  2288 | D:3      | Killed Jessica
  2313 | D:3      | Noticed Sigmund
  2328 | D:4      | Found a runed translucent door.
  2751 | D:4      | Noticed goozler's ghost (amateur PaWr)
  2847 | D:3      | Killed Sigmund
  2848 | D:3      | Reached skill level 5 in Long Blades
  2848 | D:3      | Reached skill level 5 in Armour
  2848 | D:3      | Reached XP level 6. HP: 44/53 MP: 5/5
  3135 | D:4      | You fall into a shaft and drop 2 floors!
  3141 | D:6      | Found a staircase to the Ecumenical Temple.
  3277 | D:6      | Noticed a water moccasin
  3455 | D:6      | Reached XP level 7. HP: 6/60 MP: 6/6
  3537 | D:6      | Reached skill level 5 in Fighting
  3771 | Temple   | Entered the Ecumenical Temple
  3792 | Temple   | Became a worshipper of Warmaster Okawaru
  4227 | D:5      | Entered Level 5 of the Dungeon
  4302 | D:5      | Found a glowing drain.
  4347 | D:5      | Reached * piety under Okawaru
  4352 | Sewer    | Entered a sewer
  4462 | Sewer    | Reached skill level 5 in Shields
  4462 | Sewer    | Reached XP level 8. HP: 70/70 MP: 7/7
  4569 | D:5      | Noticed Menkaure
  5617 | D:5      | Noticed a two-headed ogre
  5672 | D:6      | Reached skill level 1 in Stealth
  5890 | D:6      | Reached ** piety under Okawaru
  6505 | D:7      | Noticed Maggie
  6780 | D:7      | Killed Maggie
  7049 | D:6      | Reached XP level 9. HP: 59/78 MP: 8/8
  7531 | D:7      | Found an ancient bone altar of Kikubaaqudgha.
  7660 | D:7      | Found a broken altar of Ashenzari.
  7915 | D:7      | Reached *** piety under Okawaru
  8226 | D:8      | Reached skill level 10 in Long Blades
  8893 | D:5      | Killed a two-headed ogre
  8893 | D:5      | Reached **** piety under Okawaru
  8894 | D:5      | Reached XP level 10. HP: 27/86 MP: 9/9
  9349 | D:5      | Killed Menkaure
 10124 | D:8      | Reached ***** piety under Okawaru
 10132 | D:9      | Noticed Psyche
 10142 | D:9      | Killed Psyche
 10142 | D:9      | Received a gift from Okawaru
 10747 | D:9      | Reached skill level 10 in Armour
 11223 | D:9      | Found a staircase to the Lair.
 11264 | D:9      | Found the +4 skin of Zhor {*Englaciate rC+++ SInv}
 11413 | D:10     | Entered Level 10 of the Dungeon
 11460 | D:10     | Identified the +2 robe of Defiance {Archmagi} (Okawaru
                  | gifted it to you on level 10 of the Dungeon)
 11460 | D:10     | Received a gift from Okawaru
 12369 | D:10     | Found a staircase to the Orcish Mines.
 12405 | D:10     | Reached XP level 11. HP: 95/95 MP: 10/10
 12483 | D:10     | Found a runed translucent door.
 12483 | D:10     | Noticed a centaur warrior
 12484 | D:10     | Noticed LoneCookie's ghost (novice MiBe)
 12490 | D:10     | Found Viojainn's Weapon Emporium.
 13000 | D:11     | Noticed a cyan ugly thing
 13010 | D:11     | Killed a cyan ugly thing
 13129 | D:11     | Noticed Gastronok
 13146 | D:11     | Killed Gastronok
 14189 | Lair:1   | Entered Level 1 of the Lair of Beasts
 14317 | Lair:1   | Identified the +1 chain mail of Xuchou Soun {Dex+8}
                  | (Okawaru gifted it to you on level 1 of the Lair of Beasts)
 14317 | Lair:1   | Received a gift from Okawaru
 14318 | Lair:1   | Reached skill level 10 in Shields
 14377 | Lair:1   | Noticed a five-headed hydra
 14386 | Lair:1   | Killed a one-headed hydra
 14509 | Lair:1   | Reached skill level 10 in Fighting
 14627 | Lair:1   | Reached XP level 12. HP: 106/106 MP: 11/11
 15377 | Lair:2   | Reached ****** piety under Okawaru
 15797 | Lair:3   | Found a transporter.
 15803 | Lair:3   | Found a transporter.
 15803 | Lair:3   | Noticed a boulder beetle
 15803 | Lair:3   | Noticed a boulder beetle
 15954 | Lair:3   | Identified the +5 dagger "Keqig" {flame, rElec rC- Will++
                  | Str+2}
 16807 | D:12     | Noticed a four-headed hydra
 16819 | D:12     | Killed a four-headed hydra
 16910 | D:12     | Found a portal to a secret trove of treasure.
 16977 | D:12     | Noticed a boulder beetle
 17012 | D:12     | Killed a boulder beetle
 17012 | D:12     | Identified the +0 hat "Woxzad" {Regen+} (Okawaru gifted it
                  | to you on level 12 of the Dungeon)
 17012 | D:12     | Received a gift from Okawaru
 17729 | D:12     | Reached skill level 15 in Long Blades
 18088 | D:11     | Noticed Snorg
 18106 | D:11     | Killed Snorg
 18218 | Orc:1    | Entered Level 1 of the Orcish Mines
 18260 | Orc:1    | Paralysed by an orc sorcerer for 5 turns
 18270 | Orc:1    | Reached skill level 1 in Invocations
 18393 | Orc:2    | Entered Level 2 of the Orcish Mines
 19447 | Orc:2    | Reached XP level 13. HP: 111/114 MP: 12/12
 19581 | Orc:2    | Paralysed by an orc sorcerer for 2 turns
 20002 | Orc:2    | Found a staircase to the Elven Halls.
 20135 | Orc:2    | Found Jafahen's Weapon Boutique.
 20135 | Orc:2    | Found Sonona's Jewellery Boutique.
 20136 | Orc:2    | Found Feiloy's Armour Shop.
 20140 | Orc:2    | Found Mocikl Hiumo's Antique Armour Shop.
 20151 | Orc:2    | Bought the ring of Xonam {Str+6 Int+2 Slay+3} for 1234 gold
                  | pieces
 20521 | Orc:2    | Bought a glowing kite shield for 172 gold pieces
 20705 | Orc:1    | You fall into a shaft and drop 1 floor!
 20782 | Orc:1    | Found a radiant altar of Vehumet.
 21410 | Orc:1    | Found a runed translucent gate.
 21410 | Orc:1    | Noticed NoAnimeNoLife's ghost (journeyman DsFi)
 21411 | Orc:1    | Found a runed translucent gate.
 21412 | Orc:1    | Found a runed translucent gate.
 21414 | Orc:1    | Identified the +3 plate armour of Bad Feelings {rPois
                  | Dex+3}
 21557 | Orc:2    | Bought a smoking chain mail for 218 gold pieces
 21557 | Orc:2    | Identified the +3 chain mail of Starshine {Dex+3} (You
                  | bought it in a shop on level 2 of the Orcish Mines)
 21666 | D:13     | Received a gift from Okawaru
 21712 | D:13     | Found a gate to the Vaults.
 22242 | D:12     | Identified the +7 spear "Ticreuph" {pain, rPois rC+ Will+}
                  | (Okawaru gifted it to you on level 12 of the Dungeon)
 22242 | D:12     | Received a gift from Okawaru
 22309 | D:12     | Reached skill level 15 in Armour
 23081 | D:13     | Received a gift from Okawaru
 23135 | D:13     | Reached XP level 14. HP: 98/127 MP: 12/14
 23515 | D:13     | Found a faded altar of an unknown god.
 23515 | D:13     | Found a faded altar of an unknown god.
 23517 | D:13     | Found a hazy altar of Hepliaklqana.
 24034 | Lair:4   | Received a gift from Okawaru
 24280 | Lair:4   | Found a staircase to the Snake Pit.
 24596 | Lair:4   | Found a staircase to the Swamp.
 24958 | Lair:5   | Noticed Rupert
 24959 | Lair:5   | Noticed Nessos
 24971 | Lair:5   | Killed Nessos
 24972 | Lair:5   | Reached skill level 15 in Shields
 25110 | Lair:4   | Killed Rupert
 25377 | Lair:5   | Received a gift from Okawaru
 25574 | Lair:5   | Found an ornate altar of the Wu Jian Council.
 25699 | Lair:6   | Entered Level 6 of the Lair of Beasts
 25852 | Lair:6   | Found a runed translucent door.
 25852 | Lair:6   | Found a viscous altar of Jiyva.
 25854 | Lair:6   | Noticed an acid blob
 25855 | Lair:6   | Found a staircase to the Slime Pits.
 26124 | Lair:6   | Found an ornate altar of the Wu Jian Council.
 26551 | Lair:6   | Reached XP level 15. HP: 96/138 MP: 15/15
 28116 | D:15     | Entered Level 15 of the Dungeon
 28345 | D:3      | Killed jaiteiro's ghost
 28394 | D:4      | Killed goozler's ghost
 28540 | D:10     | Killed LoneCookie's ghost
 28546 | D:10     | Received a gift from Okawaru
 28546 | D:10     | Found the +15 Maxwell's patent armour {-Cast -Tele rElec
                  | Will+ rCorr}
 28724 | Orc:1    | Killed NoAnimeNoLife's ghost
 29082 | Lair:6   | Killed an acid blob
 29343 | D:15     | Reached skill level 15 in Fighting
 29534 | D:15     | Found a staircase to the Depths.
 29592 | D:15     | Found a runed translucent door.
 29592 | D:15     | Found a shimmering altar of Xom.
 29592 | D:15     | Noticed Ichoitic's ghost (weakling FoDe)
 29700 | D:15     | Noticed Jorgrun
 29715 | D:15     | Killed Jorgrun
 30148 | D:15     | Killed Ichoitic's ghost
 30157 | D:15     | Identified the +0 cloak "Yfaituco" {Harm rElec rCorr Dex-2}
 30354 | Elf:1    | Entered Level 1 of the Elven Halls
 30367 | Elf:1    | Received a gift from Okawaru
 30425 | Elf:1    | Paralysed by an air elemental for 1 turns
 30429 | Elf:1    | Paralysed by an air elemental for 1 turns
 30634 | Elf:1    | Reached XP level 16. HP: 131/151 MP: 16/16
 31515 | Elf:2    | Received a gift from Okawaru
 31675 | Elf:2    | Found Nicrourgh's Assorted Antiques.
 31692 | Elf:2    | Paralysed by an air elemental for 1 turns
 31747 | Elf:2    | Cast into level 2 of the Abyss (deep elf knight)
 31812 | Abyss:2  | Noticed a bone dragon
 31826 | Abyss:2  | Killed a bone dragon
 31904 | Abyss:2  | Noticed a tentacled starspawn
 31912 | Abyss:2  | Killed a tentacled starspawn
 31946 | Abyss:2  | Noticed a tentacled starspawn
 31953 | Abyss:2  | Killed a tentacled starspawn
 31983 | Abyss:2  | Noticed a tentacled starspawn
 31989 | Abyss:2  | Killed a tentacled starspawn
 31991 | Elf:2    | Escaped the Abyss
 32355 | Elf:2    | Paralysed by an air elemental for 1 turns
 32360 | Elf:2    | Paralysed by an air elemental for 1 turns
 32530 | Elf:2    | Found a runed translucent gate.
 32530 | Elf:2    | Found a runed translucent gate.
 32533 | Elf:2    | Found a runed translucent gate.
 32609 | Elf:3    | Entered Level 3 of the Elven Halls
 32681 | Elf:3    | Identified the +1 robe of Honour {rF+} (Okawaru gifted it
                  | to you on level 3 of the Elven Halls)
 32681 | Elf:3    | Received a gift from Okawaru
 33014 | Elf:3    | Noticed a deep elf master archer
 33017 | Elf:3    | Noticed a deep elf master archer
 33023 | Elf:3    | Noticed a deep elf blademaster
 33023 | Elf:3    | Noticed a deep elf blademaster
 33023 | Elf:3    | Killed a deep elf master archer
 33024 | Elf:3    | Noticed an Ice Fiend
 33025 | Elf:3    | Noticed an Executioner
 33027 | Elf:3    | Killed a deep elf master archer
 33028 | Elf:3    | Noticed a deep elf blademaster
 33030 | Elf:3    | Killed a ghostly deep elf master archer
 33034 | Elf:3    | Killed a deep elf blademaster
 33035 | Elf:3    | Killed a deep elf blademaster
 33035 | Elf:3    | Killed a deep elf blademaster
 33043 | Elf:3    | Identified the +1 tower shield of Beulupa {Dex+4} (Okawaru
                  | gifted it to you on level 3 of the Elven Halls)
 33043 | Elf:3    | Received a gift from Okawaru
 33044 | Elf:3    | Identified the ring "Erissyjo" {Fly rElec rC- Will+ rCorr}
 33162 | Elf:3    | Reached XP level 17. HP: 144/162 MP: 17/17
 33478 | Elf:3    | Cast into level 3 of the Abyss (a deep elf demonologist)
 33479 | Abyss:3  | Found a corrupted altar of Lugonu.
 33479 | Abyss:3  | Found a corrupted altar of Lugonu.
 33730 | Elf:3    | Escaped the Abyss
 33738 | Elf:3    | Noticed a Tzitzimitl
 33745 | Elf:3    | Noticed a Hell Sentinel
 33769 | Elf:3    | Killed from afar by a deep elf death mage

Illustrated notes

Levels and vault maps discovered:
D:1:      sevenhm_arrival_forest_fort_large_2, layout_basic,
          hellmonk_ecumenical_altar_zigzags, minmay_lizard_king
D:2:      layout_basic
D:3:      layout_rooms, ebering_ghost_reflecting_pool, uniq_sigmund,
          uniq_jessica
D:4:      layout_loops_corners, ebering_ghost_sewer_d
D:5:      layout_loops_ring, gup_sewer_entry_glass, uniq_menkaure
D:6:      layout_gridville, minmay_temple_entry_statues, grunt_ministairs_15,
          minmay_holes
D:7:      layout_rooms, grunt_temple_overflow_open, kennysheep_generic_room_9,
          uniq_maggie
D:8:      layout_cave_pools
D:9:      nicolae_cairo_tiling_large_dashed, layout_cave_pools,
          grunt_lair_entry_orc_guard_hut, hellmonk_guarded_unrand_zhor,
          uniq_psyche
D:10:     layout_small_grid, erik_orc_4, ebering_ghost_inner_flame,
          serial_shops, shop_statue, chequers_mini_garden
D:11:     layout_roguey, uniq_snorg, uniq_gastronok
D:12:     layout_rooms, trove_entry_hex_spiral
D:13:     minmay_tri_stars, layout_long_grid, lightli_vaults_fourway_checkpoint,
          nicolae_hepliaklqana_ecumenical_no_more
D:14:     layout_long_grid
D:15:     hangedman_depths_entry_civil_slaughter, layout_small_grid,
          serial_rivers, chequers_serial_rivers_marsh,
          chequers_serial_rivers_micro_d, chequers_serial_rivers_micro_d,
          chequers_serial_rivers_room_b, chequers_serial_rivers_small_a,
          chequers_serial_rivers_micro_a, ebering_ghost_xom, uniq_jorgrun
Temple:   regret_index_temple_chain_breaker
Lair:1:   layout_cave_shapes, lemuel_fruit_fields
Lair:2:   layout_misc_corridors, grunt_forest_stairs_basic
Lair:3:   gammafunk_boulding_lane, layout_loops_ring
Lair:4:   layout_gridlike, swamp_mist, guppyfry_snake_entry_garden,
          minmay_lair_drake_nest
Lair:5:   layout_regular_city, basic_altar, uniq_rupert, uniq_nessos
Lair:6:   grunt_lair_end_beastmaster, layout_gridlike, slime_altar_2,
          basic_altar, infiniplex_staircase_pool, serial_bayou_shore_a
Orc:1:    layout_caves, basic_altar, biasface_ghost_orc_armoury
Orc:2:    st_orc_mages, layout_caves, mines2_lemuel
Elf:1:    nicolae_elf_arrival_fired_up, layout_geoelf_diagonals, minivault_28,
          grunt_megastairs_4
Elf:2:    elven_hall_of_blades_hangedman_original
          [nicolae_blade_entry_crossed_weapons], layout_geoelf_octagon,
          serial_shops, nicolae_shop_advertising_works
          [nicolae_subvault_shop_adworks], minmay_misc_feat_rows,
          corexii_leaking_fountain, minivault_16, lemuel_upstairs_altar
Elf:3:    minmay_elf_hall_hex, layout_onion_city

Skill      XL: |  1  2  3  4  5  6  7  8  9 10 11 12 13 14 15 16 17 |
---------------+----------------------------------------------------+-----
Armour         | 4 5 6 8 9 11 12 14 15 16 17 18 19 | 19.0
Fighting       | 4 5 6 7 8 10 11 12 14 16 17 | 17.7
Shields        | 4 5 6 7 8 10 12 14 16 17 18 | 18.2
Long Blades    | 3 4 5 6 7 8 10 12 14 15 16 17 18 19 | 19.6
Dodging        | 1 2 3 |  3.9
Stealth        | 1 3 |  3.3
Invocations    | 1 2 |  2.1
Short Blades   | |  0.4
Evocations     | |  0.8

Action                   |  1- 3 |  4- 6 |  7- 9 | 10-12 | 13-15 | 16-18 || total
-------------------------+-------+-------+-------+-------+-------+-------++-------
Melee: Long sword        |   100 |   115 |   315 |   293 |   442 |       ||  1265
       Headbutt          |     9 |    21 |    64 |   207 |   242 |    65 ||   608
       Falchion          |       |       |       |   566 |     4 |       ||   570
       Hand axe          |       |       |       |     6 |       |       ||     6
       Dagger            |       |       |       |    11 |       |       ||    11
       Scimitar          |       |       |       |       |    62 |       ||    62
       Double sword      |       |       |       |       |   396 |   371 ||   767
Invok: Heroism           |       |       |     3 |     6 |    13 |       ||    22
Evoke: Wand              |       |       |       |       |     5 |       ||     5
  Use: Scroll            |     4 |     1 |     7 |    10 |     7 |     3 ||    32
       Potion            |     1 |     2 |       |     1 |       |     1 ||     5
 Stab: Invisible         |       |       |       |     1 |     1 |       ||     2
       Petrified         |       |       |       |       |     6 |       ||     6
Armor: Scale mail        |    57 |    38 |    75 |       |       |       ||   170
       Storm dragon scal |       |       |    70 |    55 |       |       ||   125
       Gold dragon scale |       |       |       |   453 |   574 |   141 ||  1168
Dodge: Dodged            |    63 |    57 |   165 |   157 |   231 |    63 ||   736
Block: Buckler           |    33 |    28 |   105 |    21 |       |       ||   187
       Kite shield       |       |       |       |   409 |   634 |   147 ||  1190
       Reflection        |       |       |       |       |    28 |    18 ||    46
